 Dungeon Crawl Stone Soup version 0.30-a0-715-gdb4ae3ece1 (webtiles) character file.

Game seed: 8015559847251711935

222758 jlumianski the Warrior (level 18, 0/129 HPs)
             Began as a Demonspawn Fighter on Jan 22, 2023.
             Was the Champion of Okawaru.
             Slain by an alligator snapping turtle (20 damage)
             ... on level 4 of the Shoals on Jan 24, 2023.
             The game lasted 02:32:30 (27084 turns).

jlumianski the Warrior (Demonspawn Fighter)        Turns: 27084, Time: 02:32:31

Health: 0/129      AC: 37    Str: 28    XL:     18   Next: 54%
Magic:  29/29      EV:  7    Int: 12    God:    Okawaru [******]
Gold:   939        SH:  0    Dex: 15    Spells: 17/17 levels left

rFire   + + .      SeeInvis .    K - +5 broad axe (flame)
rCold   + . .      Faith    .    (no shield)
rNeg    . . .      Spirit   .    u - +9 scales of the Dragon King {rPois rF+ rC+ Will+}
rPois   +          Reflect  .    Y - +2 hat of the Sun {Rampage rElec rC- Stlth+}
rElec   +          Harm     .    q - scarf {rC+ rF+}
rCorr   .          Rampage  +    (gloves unavailable)
Will    ++...                    s - +2 pair of boots {Fly} Stlth
                                 H - amulet of regeneration
HPRegen 8.21/turn                X - +3 ring of slaying
MPRegen 0.21/turn                r - ring "Xowim" {rElec AC+4}

@: marked, flying, invisible
A: powered by death 2, spiny 2, big brain 2, corrupting presence 2, word of
chaos, demonic touch 3, agile 1, frail 2, strong 1, wild magic 1
}: 1/15 runes: gossamer
a: Word of Chaos, Renounce Religion, Heroism, Finesse, Duel


You were on level 4 of the Shoals.
You worshipped Okawaru.
Okawaru was exalted by your worship.
You visited 6 branches of the dungeon, and saw 31 of its levels.
You also visited: Ossuary, Bailey, Gauntlet and Ice Cave.

You collected 4098 gold pieces.
You spent 3159 gold pieces at shops.

Inventory:

Hand Weapons
 K - a +5 broad axe of flaming (weapon)
Missiles
 b - 39 boomerangs (quivered)
 t - 10 silver javelins
 C - 7 throwing nets
 G - 4 atropa-tipped darts
Armour
 k - a scarf of repulsion
 q - a scarf of resistance (worn)
 s - a +2 pair of boots of flying (worn)
 u - the +9 scales of the Dragon King (worn) {rPois rF+ rC+ Will+}
   (You bought it in a shop on level 14 of the Dungeon)

   rF:        It protects you from fire.
   rC:        It protects you from cold.
   rPois:     It protects you from poison.
   Will:      It increases your willpower.
 Y - the +2 hat of the Sun (worn) {Rampage rElec rC- Stlth+}
   (Okawaru gifted it to you on level 5 of the Lair of Beasts)

   rC:        It makes you vulnerable to cold.
   rElec:     It insulates you from electricity.
   Rampage:   It bestows one free step when moving towards enemies.
   Stlth:     It makes you more stealthy.
Jewellery
 f - an amulet of reflection
 r - the ring "Xowim" (right hand) {rElec AC+4}
   (You found it in a Gauntlet)

   [ring of protection]

   AC:        It affects your AC (+4).
   rElec:     It insulates you from electricity.
 y - an amulet of the acrobat
 A - a ring of ice
 H - an amulet of regeneration (around neck)
 O - a ring of see invisible
 V - a ring of protection from cold
 W - a ring of protection from fire
 X - a +3 ring of slaying (left hand)
Wands
 a - a wand of mindburst (29)
 d - a wand of digging (5)
 n - a wand of polymorph (6)
 B - a wand of acid (20)
 N - a wand of iceblast (16)
Scrolls
 g - a scroll of enchant armour
 j - 6 scrolls of poison
 o - 2 scrolls of silence
 p - 4 scrolls of fog
 v - 7 scrolls of fear
 E - 20 scrolls of identify
 M - 5 scrolls of blinking
 Q - a scroll of immolation
 R - a scroll of magic mapping
 T - 8 scrolls of teleportation
Potions
 c - 3 potions of berserk rage
 e - 4 potions of resistance
 h - 8 potions of heal wounds
 l - 10 potions of curing
 m - 4 potions of invisibility
 w - 8 potions of flight
 x - 7 potions of might
 z - a potion of magic
 J - a potion of cancellation
Miscellaneous
 i - a lightning rod (3/4)
 F - a condenser vane
 I - a tin of tremorstones (2/2)


   Skills:
 * Level 20.2 Fighting
 - Level 18.0 Axes
 + Level 0.5 Ranged Weapons
 - Level 1.0 Throwing
 + Level 13.3 Armour
 - Level 3.2 Dodging
 * Level 2.8 Stealth
 + Level 7.5 Shields
 * Level 15.0 Invocations
 * Level 10.2 Evocations


You had 17 spell levels left.
You didn't know any spells.
Your spell library contained the following spells:

 Spells                   Type           Power      Damage    Failure   Level
 Apportation              Tloc           0%         N/A       100%        1
 Foxfire                  Conj/Fire      0%         2x1d4     100%        1
 Freeze                   Ice            0%         1d3       100%        1
 Blink                    Tloc           0%         N/A       100%        2
 Cigotuvi's Dreadful Rot  Necr/Pois/Air  0%         N/A       100%        2
 Ensorcelled Hibernation  Hex/Ice        0%         N/A       100%        2
 Lesser Beckoning         Tloc           0%         N/A       100%        2
 Passwall                 Tmut/Erth      0%         N/A       100%        2
 Poisonous Vapours        Pois/Air       0%         N/A       100%        2
 Dazzling Flash           Conj/Hex       0%         N/A       100%        3
 Frozen Ramparts          Ice            0%         1d1       100%        3
 Hailstorm                Conj/Ice       0%         3d3       100%        3
 Ignite Poison            Fire/Tmut/Pois 0%         N/A       100%        3
 Mephitic Cloud           Conj/Pois/Air  0%         N/A       100%        3
 Stone Arrow              Conj/Erth      0%         3d7       100%        3
 Swiftness                Air            0%         N/A       100%        3
 Teleport Other           Tloc           0%         N/A       100%        3
 Ice Form                 Ice/Tmut       0%         N/A       100%        4
 Iskenderun's Mystic Bla  Conj/Tloc      0%         2d3       100%        4
 Manifold Assault         Tloc           0%         N/A       100%        4
 Petrify                  Tmut/Erth      0%         N/A       100%        4
 Alistair's Intoxication  Tmut/Pois      0%         N/A       100%        5
 Blade Hands              Tmut           0%         N/A       100%        5
 Fireball                 Conj/Fire      0%         3d3       100%        5
 Irradiate                Conj/Tmut      0%         3d11      100%        5
 Metabolic Englaciation   Hex/Ice        0%         N/A       100%        5
 Yara's Violent Unravell  Hex/Tmut       0%         3d3       100%        5
 Starburst                Conj/Fire      0%         6d3       100%        6
 Statue Form              Tmut/Erth      0%         N/A       100%        6
 Dragon Form              Tmut           0%         N/A       100%        7
 Enfeeble                 Hex            0%         N/A       100%        7
 Storm Form               Tmut/Air       0%         N/A       100%        7
 Lehudib's Crystal Spear  Conj/Erth      0%         10d2      100%        8
 Maxwell's Capacitive Co  Air            0%         ∞         100%        8
 Animate Armour           Summ/Erth      Unusable   N/A       N/A         4
 Summon Lightning Spire   Summ/Air       Unusable   N/A       N/A         4
 Simulacrum               Ice/Necr       Unusable   N/A       N/A         6

Dungeon Overview and Level Annotations

Branches:
Dungeon (15/15)            Temple (1/1) D:7            Lair (5/5) D:10
 Shoals (4/4) Lair:3       Spider (4/4) Lair:3        Slime (0/5) Lair:5
    Orc (2/2) D:10            Elf (0/3) Orc:2        Vaults (0/5) D:13
 Depths (0/4) D:15        Ossuary (visited)          Bailey (visited)
  IceCv (visited)         Gauntlet (visited)

Altars:
Ashenzari
Cheibriados
Dithmenos
Fedhas
Gozag
Hepliaklqana
Kikubaaqudgha
Makhleb
Nemelex Xobeh
Okawaru
Qazlal
Ru
Sif Muna
Trog
Uskayaw
Vehumet
Wu Jian
Xom
Yredelemnul

Shops:
D:9 [   D:13 =   D:14 [   Orc:2 ![**


Innate Abilities, Weirdness & Mutations

You regenerate health from kills.
You are mostly covered in sharp spines.
You have an extremely huge brain. (Int +4)
Your presence sometimes corrodes or deforms those you injure.
You can speak a Word of Chaos.
Your touch may irresistibly damage your foes and sap their willpower.
You are agile. (Dex +4, Str/Int -1)
You are very frail. (-20% HP)
Your muscles are strong. (Str +4, Int/Dex -1)
Your spells are a little harder to cast, but a little more powerful.


Message History

The sea snake bites you but does no damage.
The alligator snapping turtle bites you!
* * * LOW HITPOINT WARNING * * *
You feel much better.
The sea snake bites you but does no damage.
The snapping turtle bites you from afar.
The alligator snapping turtle bites you!
* * * LOW HITPOINT WARNING * * *
You fade into invisibility!
The sea snake bites you but does no damage.
The merfolk hits you but does no damage.
The snapping turtle barely misses you.
The merfolk javelineer throws a javelin.
The javelin pierces through you but does no damage.
A merfolk siren comes into view. It is wielding a +0 trident.
You slice the dream sheep!! You burn the dream sheep!
You kill the dream sheep!
Okawaru accepts your kill.
You slash the sea snake! You burn the sea snake.
You hit the alligator snapping turtle but do no damage.
The sea snake is struck by your spines.
The sea snake bites you but does no damage.
The alligator snapping turtle bites you!
* * * LOW HITPOINT WARNING * * *
The merfolk barely misses you. The snapping turtle barely misses you.
The merfolk javelineer throws a javelin.
The javelin pierces through you!
* * * LOW HITPOINT WARNING * * *
You hit the alligator snapping turtle but do no damage.
The alligator snapping turtle is heavily wounded.
You slash the sea snake! You burn the sea snake.
You feel like a meek peon again. The sea snake bites you.
* * * LOW HITPOINT WARNING * * *
A merfolk javelineer comes into view.
It is wielding a +1 spear of venom and quivering silver javelins.
The merfolk throws a boomerang.
The boomerang hits you.
* * * LOW HITPOINT WARNING * * *
The alligator snapping turtle is struck by your spines.
The alligator snapping turtle bites you!!
You die...

~ ........|..~ ..~~ ~
...?....... ~ ..........
~ ........$m #### ~
~~......m##.?.## ~
~~~...m..#.....#
~~...~~~~~~~~mm)†'.."..+
~~~~~~~~≈~~~~~~††#
≈~~~~≈≈≈≈≈≈~~~t~@##
≈≈≈≈≈≈≈≈≈≈≈≈≈~~~tS#####
≈≈≈≈≈≈≈≈≈≈≈≈≈≈≈≈≈~~m...
≈≈≈≈≈≈≈≈≈≈≈≈≈≈≈≈≈≈~~~~~
≈≈≈≈≈≈≈≈≈≈≈≈≈≈≈≈≈≈≈≈~~~~
≈≈≈≈≈≈≈≈≈≈≈≈≈≈≈≈≈≈≈≈≈≈≈≈
≈≈≈≈≈≈≈≈≈≈≈≈≈≈≈≈≈≈≈≈≈≈≈≈
≈≈≈≈≈≈≈≈≈≈≈≈≈≈≈≈≈≈≈≈≈≈≈≈
≈≈≈≈≈≈≈≈≈≈≈≈≈≈≈≈≈≈≈≈≈≈≈


You could see an alligator snapping turtle (unable to see you, weak-willed), 2
merfolk javelineers, a sea snake (unable to see you), a snapping turtle (unable
to see you), 2 merfolk and 2 merfolk sirens.

Vanquished Creatures
  Saint Roka (Orc:1)
  Jorgrun (D:13)
  An Ice Fiend (IceCv)
  Asterion (Spider:4)
  Frances (D:13)
  A kraken (Shoals:3)
  Ilsuiw (Shoals:2)
  10 emperor scorpions
  6 ghost moths
  Aizul (Spider:3)
  A stone giant (D:15)
  2 broodmothers (Spider:3)
  The ghost of Riheudah the Brawler, a journeyman TrDe (Lair:4)
  A minotaur (Gauntlet)
  8 merfolk impalers
  A merfolk javelineer (Shoals:2)
  A green death (Gauntlet)
  Josephine (Orc:2)
  7 hydras
  An ice dragon (Shoals:1)
  2 vault guards (D:13)
  4 merfolk avatars
  A caustic shrike simulacrum (IceCv)
  2 jorogumos (Spider:3)
  2 catoblepae
  The ghost of Kupoam the Bringer of Light, a journeyman FoFi of the Shining One (D:11)
  6 centaur warriors
  2 two-headed ogres
  2 radroaches (Spider:3)
  2 merfolk aquamancers (Shoals:4)
  2 alligator snapping turtles (Shoals:3)
  3 satyrs (Shoals:3)
  8 boulder beetles
  A deep troll shaman (Lair:5)
  7 death yaks (Lair:5)
  2 orc high priests
  3 tengu warriors
  Urug (Orc:2)
  A deep elf knight (D:11)
  16 skeletal warriors
  12 sea snakes
  6 pharaoh ants
  A bog body (IceCv)
  A sun moth (Spider:2)
  9 orb spiders
  An obsidian statue (IceCv)
  5 spriggan simulacra (IceCv)
  Pikel (D:4)
  17 harpies
  5 steelbarb worms
  2 wizards
  An orc knight (D:15)
  5 deep elf pyromancers
  A lindwurm (Lair:5)
  A necromancer (D:13)
  15 wolf spiders
  7 orc sorcerers
  17 ugly things
  12 cyclopes
  8 manticores
  12 fauns
  4 moths of wrath
  7 demonic crawlers
  Maurice (D:12)
  2 black mambas
  9 merfolk sirens
  8 elephants
  11 cane toads
  10 water nymphs
  A cane toad (shapeshifter) (D:13)
  3 gargoyles
  4 torpor snails
  2 unseen horrors
  5 kobold demonologists
  Psyche (D:12)
  2 orange demons (Gauntlet)
  6 komodo dragons
  A yaktaur (D:13)
  An efreet (D:14)
  A golden dragon simulacrum (IceCv)
  2 freezing wraiths (IceCv)
  A tengu conjurer (D:14)
  4 anaconda simulacra (IceCv)
  4 rime drakes
  5 ice devils (IceCv)
  2 wind drakes
  4 polar bears
  9 trolls
  34 merfolk
  12 meliai
  19 tarantellas
  6 snapping turtles
  8 dream sheep
  14 blink frogs
  Sigmund (D:2)
  13 jumping spiders
  8 water elementals
  5 centaur simulacra
  22 culicivoras
  15 slime creatures
  2 shadows
  4 wyverns
  10 wraiths
  2 dire elephant simulacra (IceCv)
  7 basilisks
  19 yaks
  20 humans (D:13)
  4 steam dragons
  10 vampire mosquitoes
  43 redbacks
  Grum (D:8)
  Edmund (D:6)
  8 minotaur simulacra (IceCv)
  3 harpy simulacra (IceCv)
  3 wargs (Orc:1)
  4 acid dragons
  Duvessa (D:6)
  2 hydra simulacra (IceCv)
  14 water moccasins
  38 orc warriors
  3 alligator simulacra (IceCv)
  3 ettin simulacra (IceCv)
  5 ice beasts
  An ice dragon simulacrum (Gauntlet)
  3 black bears
  2 sky beasts
  37 wolves
  3 centaurs
  2 ogres
  A lemure (D:4)
  2 kobold brigands
  Blork the orc (D:6)
  2 necrophages
  13 bullfrogs
  3 water moccasin zombies (Ossuary)
  7 scorpions
  10 deep troll simulacra (IceCv)
  Dowan (D:6)
  3 wights (D:8)
  23 killer bees
  A lindwurm simulacrum (IceCv)
  6 electric eels
  2 howler monkeys
  A jelly (D:4)
  31 orc priests
  2 hounds (D:4)
  5 iguanas
  42 orc wizards
  3 mummies
  5 gnolls
  11 adders
  A white imp (D:6)
  2 ufetubi
  5 adder zombies (Ossuary)
  92 orcs
  5 bats
  5 endoplasms
  4 giant cockroaches
  5 gnoll zombies (Ossuary)
  15 goblins
  14 hobgoblins
  5 jackals (D:4)
  4 quokkas
  5 ball pythons
  2 frilled lizards
  3 hobgoblin zombies (Ossuary)
  17 kobolds
  4 kobold zombies (Ossuary)
  6 orc zombies (Ossuary)
  7 rats
  2 tentacles (Shoals:3)
1155 creatures vanquished.

Vanquished Creatures (others)
  A ghost moth (Spider:3)
  2 redbacks (Spider:4)
  An orc wizard (Orc:2)
  An orc (D:12)
  A hobgoblin (Bailey)
  23 fungi
  46 plants
  4 tentacles (Shoals:3)
79 creatures vanquished.

Grand Total: 1234 creatures vanquished

Notes
Turn   | Place    | Note
-------+----------+-------------------------------------------
     0 | D:1      | jlumianski the Demonspawn Fighter began the quest for the
                  | Orb.
     0 | D:1      | Reached XP level 1. HP: 18/18 MP: 1/1
   107 | D:1      | Gained mutation: You are partially covered in sharp spines.
                  | [demonic ancestry]
   107 | D:1      | Reached XP level 2. HP: 24/24 MP: 2/2
   632 | D:1      | Gained mutation: You regenerate a little health from kills.
                  | [demonic ancestry]
   632 | D:1      | Reached XP level 3. HP: 29/29 MP: 3/3
   917 | D:2      | Noticed Sigmund
   937 | D:2      | Killed Sigmund
   938 | D:2      | Reached skill level 4 in Fighting
   938 | D:2      | Reached skill level 1 in Dodging
   938 | D:2      | Gained mutation: Your touch may inflict minor irresistible
                  | damage on your foes. [demonic ancestry]
   938 | D:2      | Reached XP level 4. HP: 37/37 MP: 4/4
   938 | D:2      | Gained mutation: Your presence sometimes corrodes those you
                  | injure. [demonic ancestry]
   938 | D:2      | Reached XP level 5. HP: 42/42 MP: 5/5
  1148 | D:2      | Found a sacrificial altar of Ru.
  1433 | D:2      | Gained mutation: You occasionally lose the ability to read
                  | scrolls when taking damage. [potion of mutation]
  1433 | D:2      | Gained mutation: You have an increased reservoir of magic.
                  | (+10% MP) [potion of mutation]
  1433 | D:2      | Gained mutation: You have a pair of small horns on your
                  | head. [potion of mutation]
  1434 | D:2      | Lost mutation: You occasionally lose the ability to read
                  | scrolls when taking damage. [potion of mutation]
  1434 | D:2      | Lost mutation: You have an increased reservoir of magic.
                  | (+10% MP) [potion of mutation]
  1434 | D:2      | Lost mutation: You have a pair of small horns on your head.
                  | [potion of mutation]
  1434 | D:2      | Gained mutation: You sometimes lose your temper in combat.
                  | [potion of mutation]
  1434 | D:2      | Gained mutation: You have a pair of small horns on your
                  | head. [potion of mutation]
  1435 | D:2      | Lost mutation: You sometimes lose your temper in combat.
                  | [potion of mutation]
  1435 | D:2      | Lost mutation: You have a pair of small horns on your head.
                  | [potion of mutation]
  1435 | D:2      | Gained mutation: You have a somewhat thin skeletal
                  | structure. (Dex +2, Stealth+) [potion of mutation]
  1435 | D:2      | Gained mutation: You are vulnerable to heat. (rF-) [potion
                  | of mutation]
  1435 | D:2      | Gained mutation: Your body sometimes deteriorates upon
                  | taking damage. [potion of mutation]
  1436 | D:2      | Lost mutation: Your body sometimes deteriorates upon taking
                  | damage. [potion of mutation]
  1436 | D:2      | Lost mutation: You have a somewhat thin skeletal structure.
                  | (Dex +2, Stealth+) [potion of mutation]
  1436 | D:2      | Lost mutation: You are vulnerable to heat. (rF-) [potion of
                  | mutation]
  1436 | D:2      | Gained mutation: Your natural rate of healing is unusually
                  | fast. [potion of mutation]
  1436 | D:2      | Gained mutation: Your system is resistant to poisons.
                  | (rPois) [potion of mutation]
  1436 | D:2      | Gained mutation: You have sharp toenails. [potion of
                  | mutation]
  1779 | D:3      | Found a shimmering blue altar of Sif Muna.
  1790 | D:3      | Gained mutation: You are mostly covered in sharp spines.
                  | [demonic ancestry]
  1790 | D:3      | Reached XP level 6. HP: 45/48 MP: 6/6
  2030 | D:4      | Noticed Pikel
  2041 | D:4      | Killed Pikel
  2042 | D:4      | Reached skill level 5 in Fighting
  2042 | D:4      | Reached skill level 5 in Axes
  2042 | D:4      | Gained mutation: Your touch may inflict irresistible damage
                  | on your foes. [demonic ancestry]
  2042 | D:4      | Reached XP level 7. HP: 14/56 MP: 7/7
  2092 | D:5      | Entered Level 5 of the Dungeon
  2149 | D:5      | Reached XP level 8. HP: 53/62 MP: 8/8
  2162 | D:5      | Found a radiant altar of Vehumet.
  2207 | D:5      | Found a bloodstained altar of Trog.
  2264 | D:5      | Found a sand-covered staircase.
  2269 | Ossuary  | Entered an ossuary
  3094 | D:5      | Reached skill level 5 in Armour
  3104 | D:5      | Reached skill level 6 in Fighting
  3765 | D:6      | Gained mutation: You have an unusually large brain. (Int
                  | +2) [demonic ancestry]
  3765 | D:6      | Reached XP level 9. HP: 69/69 MP: 9/9
  3811 | D:6      | Noticed Duvessa
  3814 | D:6      | Noticed Dowan
  3822 | D:6      | Killed Duvessa
  3828 | D:6      | Killed Dowan
  3954 | D:6      | Noticed Blork the orc
  3960 | D:6      | Killed Blork the orc
  4100 | D:7      | Found a staircase to the Ecumenical Temple.
  4106 | Temple   | Entered the Ecumenical Temple
  4215 | D:7      | Found a flagged portal.
  4231 | Bailey   | Entered a bailey
  4261 | Bailey   | Reached skill level 7 in Fighting
  4406 | Bailey   | Noticed an orc sorcerer
  4421 | Bailey   | Noticed a sun demon
  4422 | Bailey   | Killed an orc sorcerer
  4530 | Bailey   | Reached XP level 10. HP: 60/80 MP: 10/10
  4721 | Bailey   | Acquired a manual of Axes
  4790 | Bailey   | Found an iron altar of Okawaru.
  4790 | Bailey   | Noticed an orc sorcerer
  4795 | Bailey   | Gained mutation: Armour fits poorly on your strangely
                  | shaped body. [a neqoxec]
  4800 | Bailey   | Paralysed by an orc sorcerer for 2 turns
  4803 | Bailey   | Killed an orc sorcerer
  4804 | Bailey   | Reached skill level 8 in Fighting
  4849 | Bailey   | Reached skill level 10 in Fighting
  4849 | Bailey   | Gained mutation: You regenerate health from kills. [demonic
                  | ancestry]
  4849 | Bailey   | Reached XP level 11. HP: 90/90 MP: 11/11
  4892 | Bailey   | Identified the +2 dagger of Fundamental Breach {holy, rElec
                  | Will+ Str-2}
  5251 | D:6      | Noticed Edmund
  5271 | D:6      | Killed Edmund
  5308 | D:6      | Found an ornate altar of the Wu Jian Council.
  5460 | D:7      | Found an iron altar of Okawaru.
  5468 | D:7      | Became a worshipper of Warmaster Okawaru
  5851 | D:10     | Entered Level 10 of the Dungeon
  5888 | D:8      | Found a broken altar of Ashenzari.
  5891 | D:8      | Found a stormy altar of Qazlal.
  5942 | D:8      | Found a hide-covered altar of Uskayaw.
  6080 | D:8      | Noticed Grum
  6122 | D:8      | Reached * piety under Okawaru
  6378 | D:8      | Killed Grum
  6714 | D:9      | Reached skill level 1 in Invocations
  6811 | D:9      | Found Bosiox's Antique Armour Boutique.
  6819 | D:9      | Bought a pair of embroidered gloves for 195 gold pieces
  6989 | D:9      | Found a snail-covered altar of Cheibriados.
  7338 | D:10     | Found a staircase to the Lair.
  7350 | D:10     | Reached skill level 1 in Throwing
  7355 | D:10     | Reached ** piety under Okawaru
  7605 | D:11     | Noticed a skeletal warrior
  7800 | D:10     | Found a staircase to the Orcish Mines.
  7832 | D:10     | Reached *** piety under Okawaru
  7833 | D:10     | Reached XP level 12. HP: 99/99 MP: 14/14
  8244 | Lair:1   | Entered Level 1 of the Lair of Beasts
  8480 | Lair:1   | Reached skill level 11 in Fighting
  8482 | Lair:1   | Reached skill level 5 in Invocations
  8482 | Lair:1   | Reached **** piety under Okawaru
  9152 | Lair:3   | Found a gate leading to a gauntlet.
  9155 | Lair:3   | Noticed a five-headed hydra
  9168 | Lair:3   | Killed a one-headed hydra
  9180 | Lair:3   | Reached ***** piety under Okawaru
  9224 | Gauntlet | Entered a Gauntlet
  9224 | Gauntlet | Found a transporter.
  9232 | Gauntlet | Noticed a death scarab
  9233 | Gauntlet | Noticed a green death
  9234 | Gauntlet | Found a transporter.
  9234 | Gauntlet | Noticed a death scarab
  9246 | Gauntlet | Found a runed translucent door.
  9250 | Gauntlet | Found a transporter.
  9252 | Gauntlet | Found a transporter.
  9263 | Gauntlet | Found a transporter.
  9284 | Gauntlet | Found a transporter.
  9290 | Gauntlet | Found a transporter.
  9294 | Gauntlet | Found a transporter.
  9324 | Gauntlet | Found a transporter.
  9339 | Gauntlet | Found a transporter.
  9344 | Gauntlet | Found a transporter.
  9347 | Gauntlet | Noticed a death scarab
  9355 | Gauntlet | Found a transporter.
  9366 | Gauntlet | Noticed a death scarab
  9458 | Gauntlet | Killed a green death
  9515 | Gauntlet | Identified the ring "Xowim" {rElec AC+4}
  9561 | Gauntlet | Noticed a minotaur
  9579 | Gauntlet | Killed a minotaur
  9580 | Gauntlet | Reached skill level 12 in Fighting
  9590 | Lair:3   | Found a staircase to the Shoals.
  9636 | Lair:4   | Noticed a catoblepas
  9659 | Lair:3   | Killed a catoblepas
  9659 | Lair:3   | Received a gift from Okawaru
  9660 | Lair:3   | Gained mutation: Your touch may irresistibly damage your
                  | foes and sap their willpower. [demonic ancestry]
  9660 | Lair:3   | Reached XP level 13. HP: 96/108 MP: 18/18
  9742 | Lair:3   | Reached skill level 1 in Evocations
  9914 | Lair:2   | Identified the +8 whip "Detwoeti" {freeze, rElec rC- Dex+3}
  9922 | Lair:2   | Received a gift from Okawaru
 10020 | Lair:2   | Reached skill level 15 in Axes
 10907 | Lair:3   | Identified the +1 pair of boots of the Orange Skies
                  | {*Corrode +Blink rC+ Slay+2} (Okawaru gifted it to you on
                  | level 3 of the Lair of Beasts)
 10907 | Lair:3   | Received a gift from Okawaru
 10908 | Lair:3   | Found a hole to the Spider Nest.
 11356 | Lair:5   | Entered Level 5 of the Lair of Beasts
 12042 | Lair:4   | Found a runed translucent door.
 12042 | Lair:4   | Noticed Riheudah's ghost (journeyman TrDe)
 12110 | Lair:4   | Killed Riheudah's ghost
 12281 | Lair:5   | Reached skill level 13 in Fighting
 12404 | Lair:5   | Found a staircase to the Slime Pits.
 12706 | Lair:5   | Reached ****** piety under Okawaru
 12714 | Lair:5   | Reached skill level 10 in Armour
 12714 | Lair:5   | Gained mutation: You have an extremely huge brain. (Int +4)
                  | [demonic ancestry]
 12714 | Lair:5   | Reached XP level 14. HP: 30/118 MP: 20/20
 12798 | Lair:5   | Identified the +2 hat of the Sun {Rampage rElec rC- Stlth+}
                  | (Okawaru gifted it to you on level 5 of the Lair of Beasts)
 12798 | Lair:5   | Received a gift from Okawaru
 12855 | Lair:5   | Identified the +1 robe of the Spider Nest {rF- Will++ MP+9
                  | Stlth+}
 12866 | Lair:5   | Identified the +7 longbow "Quitseawn" {freeze, Str+3}
 13160 | D:11     | Found a transporter.
 13397 | D:11     | Reached skill level 5 in Evocations
 13444 | D:11     | Identified the +1 falchion of Agony {heavy, Will+}
 13456 | D:11     | Found a runed translucent door.
 13460 | D:11     | Noticed Kupoam's ghost (journeyman FoFi)
 13472 | D:11     | Killed Kupoam's ghost
 13524 | D:11     | Found a transporter.
 13786 | D:11     | Gained mutation: You are frail. (-10% HP) [a neqoxec]
 13791 | D:11     | HP: 5/103 [orc priest/divine providence (14)]
 13959 | D:10     | Lost mutation: Your system is resistant to poisons. (rPois)
                  | [potion of mutation]
 13959 | D:10     | Lost mutation: Your natural rate of healing is unusually
                  | fast. [potion of mutation]
 13959 | D:10     | Gained mutation: You occasionally lose the ability to drink
                  | potions when taking damage. [potion of mutation]
 13959 | D:10     | Gained mutation: Your spells are a little harder to cast,
                  | but a little more powerful. [potion of mutation]
 13960 | D:10     | Lost mutation: Armour fits poorly on your strangely shaped
                  | body. [potion of mutation]
 13960 | D:10     | Lost mutation: You have sharp toenails. [potion of
                  | mutation]
 13960 | D:10     | Lost mutation: You occasionally lose the ability to drink
                  | potions when taking damage. [potion of mutation]
 13960 | D:10     | Gained mutation: Your muscles are strong. (Str +4, Int/Dex
                  | -1) [potion of mutation]
 13960 | D:10     | Gained mutation: You are agile. (Dex +4, Str/Int -1)
                  | [potion of mutation]
 13961 | D:10     | Upgraded the game from 0.30-a0-711-gf4ac18a38d to
                  | 0.30-a0-715-gdb4ae3ece1
 14022 | Orc:1    | Entered Level 1 of the Orcish Mines
 14048 | Orc:1    | Reached skill level 10 in Invocations
 14241 | Orc:2    | Entered Level 2 of the Orcish Mines
 14244 | Orc:2    | Noticed Urug
 14250 | Orc:1    | Identified the +2 hat "Haocefe" {Int+4} (Okawaru gifted it
                  | to you on level 1 of the Orcish Mines)
 14250 | Orc:1    | Received a gift from Okawaru
 14262 | Orc:2    | Killed Urug
 14263 | Orc:2    | Reached skill level 14 in Fighting
 14287 | Orc:2    | Found a staircase to the Elven Halls.
 14617 | Orc:2    | Noticed Saint Roka
 14644 | Orc:2    | Gained mutation: You are very frail. (-20% HP) [a neqoxec]
 14873 | Orc:1    | Killed Saint Roka
 15026 | Orc:2    | Noticed Josephine
 15050 | Orc:2    | Killed Josephine
 15328 | Orc:2    | Found Gulagg's Distillery.
 15328 | Orc:2    | Found Tuvvu's Antique Armour Shoppe.
 15329 | Orc:2    | Found Xainn's General Store.
 15336 | Orc:2    | Found Puntih's General Store.
 15368 | Orc:2    | Bought a potion of heal wounds for 65 gold pieces
 15368 | Orc:2    | Bought a tin of tremorstones (2/2) for 520 gold pieces
 15369 | Orc:2    | Bought a scroll of blinking for 97 gold pieces
 15370 | Orc:2    | Bought a potion of heal wounds for 65 gold pieces
 15607 | D:13     | Noticed Maurice
 15614 | D:12     | Killed Maurice
 15645 | D:12     | Noticed Psyche
 15649 | D:12     | Killed Psyche
 15660 | D:12     | Received a gift from Okawaru
 15666 | D:12     | Gained mutation: Your presence sometimes corrodes or
                  | deforms those you injure. [demonic ancestry]
 15666 | D:12     | Reached XP level 15. HP: 71/101 MP: 21/23
 16119 | D:12     | Received a gift from Okawaru
 16509 | D:13     | Reached skill level 15 in Fighting
 16630 | D:13     | Acquired 986 gold pieces
 16662 | D:13     | Found a gate to the Vaults.
 16668 | D:13     | Received a gift from Okawaru
 16729 | D:13     | Noticed Jorgrun
 16746 | D:13     | Killed Jorgrun
 16950 | D:14     | Identified the +9 rapier of Tixulyif {pain, rC+ Int+3
                  | Dex+2}
 17008 | D:13     | Found Risu's One-of-a-Kind Rings.
 17026 | D:13     | Bought a +3 ring of slaying for 720 gold pieces
 17043 | D:13     | Noticed Frances
 17049 | D:13     | Killed Frances
 17619 | D:14     | Identified the +4 war axe of Wyrd {freeze, rC+} (Okawaru
                  | gifted it to you on level 14 of the Dungeon)
 17619 | D:14     | Received a gift from Okawaru
 17924 | D:15     | Entered Level 15 of the Dungeon
 18033 | D:14     | Found Sajois's Armour Shoppe.
 18036 | D:14     | Bought the +9 scales of the Dragon King {rPois rF+ rC+
                  | Will+} for 1497 gold pieces
 18036 | D:14     | Found the +9 scales of the Dragon King {rPois rF+ rC+
                  | Will+}
 18361 | D:14     | Found a bloodstained altar of Trog.
 18536 | D:15     | Identified the +1 ring mail of Contentment {rElec rN+}
                  | (Okawaru gifted it to you on level 15 of the Dungeon)
 18536 | D:15     | Received a gift from Okawaru
 18541 | D:15     | Reached XP level 16. HP: 103/110 MP: 25/25
 18774 | D:15     | Reached skill level 16 in Fighting
 19076 | D:15     | Found a staircase to the Depths.
 19403 | Spider:1 | Entered Level 1 of the Spider Nest
 20285 | Spider:2 | Received a gift from Okawaru
 20595 | Spider:3 | Identified the +0 pair of boots of Death Resistance {Str+4}
                  | (Okawaru gifted it to you on level 3 of the Spider Nest)
 20595 | Spider:3 | Received a gift from Okawaru
 21227 | Spider:4 | Entered Level 4 of the Spider Nest
 21227 | Spider:4 | Noticed Aizul
 21281 | Spider:3 | Reached skill level 17 in Fighting
 21980 | Spider:3 | Killed Aizul
 22062 | Spider:4 | Noticed Asterion
 22073 | Spider:4 | Gained mutation: You can speak a Word of Chaos. [demonic
                  | ancestry]
 22073 | Spider:4 | Reached XP level 17. HP: 118/118 MP: 27/27
 22160 | Spider:4 | Received a gift from Okawaru
 22364 | Spider:4 | Killed Asterion
 22527 | Spider:4 | Reached skill level 18 in Fighting
 22563 | Spider:4 | HP: 5/119 [emperor scorpion (16)]
 22980 | Spider:4 | Got a gossamer rune of Zot
 23336 | Shoals:1 | Entered Level 1 of the Shoals
 23424 | Shoals:1 | Found a frozen archway.
 23488 | IceCv    | Entered an ice cave
 23723 | IceCv    | Identified the +4 chain mail of Killon {-Tele Contam Int+6}
                  | (Okawaru gifted it to you in an ice cave)
 23723 | IceCv    | Received a gift from Okawaru
 23764 | IceCv    | Noticed an Ice Fiend
 23774 | IceCv    | Killed an Ice Fiend
 23784 | IceCv    | Got the Quarto of Poisoning and Translocation
 24401 | Shoals:1 | Reached skill level 19 in Fighting
 25026 | Shoals:2 | Noticed Ilsuiw
 25035 | Shoals:2 | Reached XP level 18. HP: 87/128 MP: 28/28
 25039 | Shoals:2 | Killed Ilsuiw
 25528 | Shoals:2 | Reached skill level 1 in Stealth
 25539 | Shoals:2 | Received a gift from Okawaru
 25660 | Shoals:3 | Reached skill level 10 in Evocations
 26221 | Shoals:4 | Entered Level 4 of the Shoals
 26732 | Shoals:4 | Reached skill level 20 in Fighting
 26801 | Shoals:4 | Found Wuucet's Antique Weapon Emporium.
 26838 | Shoals:4 | HP: 2/129 [water nymph/the raging water (16)]
 27074 | Shoals:4 | Reached skill level 15 in Invocations
 27084 | Shoals:4 | Slain by an alligator snapping turtle

Illustrated notes

Levels and vault maps discovered:
D:1:      dpeg_arrival_rooms_b, layout_basic
D:2:      layout_loops_ring, basic_altar, uniq_sigmund
D:3:      layout_basic, kennysheep_orc_sif_temple
D:4:      layout_basic, dreamdust_wishing_well, chequers_hall_statues_corner_a,
          uniq_pikel
D:5:      layout_basic, nicolae_vehumet_altar_sigil,
          mainiacjoe_overflow_small_starburst, enter_ossuary_2, st_stairs_9,
          lexackson_kobold_supper
D:6:      layout_rooms, nicolae_wu_jian_immortal_techniques, uniq_blork_the_orc,
          uniq_edmund, uniq_duvessa
D:7:      layout_rooms, okawaru_ov_weapons_minmay, minmay_temple_entry_hall,
          enter_bailey_3, corexii_checkpoint_a, hangedman_decor_points
D:8:      layout_loops_ring, nicolae_uskayaw_murder_on_the_dancefloor,
          grunt_temple_overflow_diamond, fountainhead, uniq_grum
D:9:      layout_basic, slow_altar_2, serial_shops, shop, feat_on_display
D:10:     layout_loops_ring, hellmonk_lair_entry_icy, david_orc_5
D:11:     gammafunk_wand_slinger, layout_small_grid,
          ebering_ghost_reflecting_pool
D:12:     layout_roguey, st_stairs_5, nzn_random_ring, uniq_psyche
D:13:     layout_irregular_city, grunt_vaults_entry_tiered, minmay_liquid_box,
          grunt_ministairs_8, nicolae_shop_unique_rings, uniq_jorgrun,
          uniq_maurice, uniq_frances
D:14:     layout_loops_ring, serial_shops, kennysheep_mini,
          hangedman_abyss_or_decor_clamps, kennysheep_cluttered_room,
          trog_butcher_becter
D:15:     grunt_enter_depths_snipers, layout_irregular_city, minivault_11,
          grunt_ministairs_12
Temple:   minmay_temple_bridge_abc
Lair:1:   layout_gridlike, grunt_forest_large_clearings
Lair:2:   layout_cave_pods, ldierk_geyser
Lair:3:   layout_regular_city, elwin_shoals_entry_stream,
          spider_nest_entry_funnel_web, gauntlet_entry_generic,
          grunt_megastairs_3
Lair:4:   layout_loops_ring, gammafunk_ghost_grave, lemuel_fruit_tree
Lair:5:   grunt_lair_end_beastmaster, layout_regular_city, slime_entry_1,
          nicolae_quartered_pool_medium
Shoals:1: layout_shoals, portal_ice_cave_entry_dragon,
          nicolae_shoals_wave_tunnel
Shoals:2: layout_shoals, uniq_ilsuiw
Shoals:3: layout_shoals, nicolae_shoals_lost_giant_hut
Shoals:4: shoals_end_simple, layout_shoals, serial_shops, shop
Spider:1: layout_spider_delve
Spider:2: layout_spider_delve, guppyfry_spider_mini_1
Spider:3: layout_cave_pods, nicolae_spider_shape
Spider:4: grunt_spider_rune_circles, uniq_aizul, uniq_asterion
Orc:1:    layout_caves, library_closet, mines2_david
Orc:2:    st_orc_mages, layout_caves, uniq_urug, uniq_saint_roka, uniq_josephine

Skill      XL: |  1  2  3  4  5  6  7  8  9 10 11 12 13 14 15 16 17 18 |
---------------+-------------------------------------------------------+-----
Shields        | 3 4 6 7 |  7.5
Axes           | 2 3 5 7 9 11 13 14 15 16 17 18 | 18.0
Fighting       | 4 5 6 7 10 12 13 14 15 17 19 20 | 20.2
Armour         | 3 4 5 6 7 8 9 10 11 12 13 | 13.3
Dodging        | 1 2 3 |  3.2
Invocations    | 3 7 9 10 12 13 14 15 | 15.0
Throwing       | 1 |  1.0
Evocations     | 4 6 7 8 9 10 | 10.2
Stealth        | 2 |  2.8
Ranged Weapons | |  0.5

Action                     |  1- 3 |  4- 6 |  7- 9 | 10-12 | 13-15 | 16-18 || total
---------------------------+-------+-------+-------+-------+-------+-------++-------
  Melee: War axe           |    92 |    63 |   217 |       |       |       ||   372
         Kick              |       |    11 |    69 |     9 |       |       ||    89
         Broad axe         |       |       |    18 |   478 |   802 |   929 ||  2227
         Hand axe          |       |       |       |     5 |    10 |       ||    15
         Touch             |       |       |       |       |   175 |   196 ||   371
         Punch             |       |       |       |       |    17 |    20 ||    37
   Fire: Longbow           |       |       |       |       |     5 |       ||     5
  Throw: Stone             |       |     1 |       |       |       |       ||     1
         Dart              |       |       |     6 |     2 |       |       ||     8
         Boomerang         |       |       |       |       |     3 |    11 ||    14
 Invoke: Heroism           |       |       |       |     2 |     2 |     4 ||     8
         Finesse           |       |       |       |       |     1 |     1 ||     2
  Evoke: Condenser vane    |       |       |       |       |     1 |       ||     1
         Lightning rod     |       |       |       |       |     1 |     4 ||     5
         Tin of tremorston |       |       |       |       |       |     1 ||     1
    Use: Potion            |     1 |     7 |     5 |     3 |     3 |     6 ||    25
         Scroll            |       |     4 |     4 |    16 |     6 |     7 ||    37
 Armour: Scale mail        |    30 |       |       |       |       |       ||    30
         Chain mail        |    36 |    48 |   116 |   246 |   269 |       ||   715
         Plate armour      |       |       |       |   117 |   271 |       ||   388
         Gold dragon scale |       |       |       |       |    14 |   937 ||   951
  Dodge: Dodged            |    48 |    20 |    75 |   203 |   334 |   375 ||  1055
  Block: Buckler           |    27 |     9 |    63 |   215 |       |       ||   314

Table legend: (Time is in decaauts)
 A = Elapsed time spent in this place.
 B = Non-inter-level travel time spent in this place.
 C = Inter-level travel time spent in this place.
 D = Time resting spent in this place.
 E = Time spent auto-exploring this place.
 F = Levels seen in this place.
 G = Mean time per level.
                   A        B        C        D        E       F      G
               +--------+--------+--------+--------+--------+-----+--------+
         Total |  26827 |  25376 |   1451 |    748 |  13985 |  35 |  766.5 |
       Dungeon |  11860 |  11083 |    777 |    309 |   6336 |  15 |  790.7 |
        Temple |     75 |     75 |      0 |      0 |      0 |   1 |   75.0 |
          Lair |   4742 |   4329 |    413 |     10 |   2908 |   5 |  948.4 |
        Shoals |   2994 |   2902 |     92 |     55 |   1725 |   4 |  748.5 |
   Spider Nest |   3622 |   3499 |    123 |    222 |   2065 |   4 |  905.5 |
  Orcish Mines |   1440 |   1395 |     45 |     73 |    543 |   2 |  720.0 |
       Ossuary |    243 |    243 |      0 |      0 |      1 |   1 |  243.0 |
        Bailey |    866 |    866 |      0 |     79 |    119 |   1 |  866.0 |
      Ice Cave |    627 |    627 |      0 |      0 |    286 |   1 |  627.0 |
      Gauntlet |    355 |    355 |      0 |      0 |      0 |   1 |  355.0 |
               +--------+--------+--------+--------+--------+-----+--------+

Top non-repeatable levels by time:
Spider:3: 1415 daAuts
    D:10: 1234 daAuts
  Lair:3: 1166 daAuts
    D:13: 1078 daAuts
  Lair:2: 1041 daAuts
Spider:4: 1022 daAuts
Shoals:1: 983 daAuts
  Lair:5: 941 daAuts
    D:11: 928 daAuts
     D:5: 913 daAuts
Shoals:3: 901 daAuts
     D:2: 867 daAuts
  Bailey: 866 daAuts
    D:12: 865 daAuts
  Lair:1: 843 daAuts
